[Event "ICC Open 2015"]
[Site "Internet Chess Club"]
[Date "2015.05.30"]
[Round "9"]
[White "BillietheKid"]
[Black "ROWLAND"]
[Result "1/2-1/2"]
[ICCResult "Game drawn by repetition"]
[WhiteElo "1455"]
[BlackElo "1738"]
[Opening "Philidor's defense"]
[ECO "C41"]
[NIC "KP.10"]
[Time "15:48:39"]
[TimeControl "180+0"]

1. e4 e5 2. Nf3 d6 3. Bc4 Be7 4. O-O Nf6 5. d3 O-O 6. a3 Nc6 7. Nc3 h6 8.
Nd5 Nxd5 9. Bxd5 Nd4 10. Nxd4 exd4 11. c3 dxc3 12. bxc3 c6 13. Bb3 Be6 14.
Bxe6 fxe6 15. Qb3 Qd7 16. d4 Kh8 17. Be3 Rf6 18. Rab1 b6 19. Rbd1 Raf8 20.
e5 Rg6 21. Qc2 Qe8 22. Qa4 Qd7 23. Qc2 Qe8 24. Qa4 Qd7 25. Qc2 Qe8
{Game drawn by repetition}
1/2-1/2

[Event "ICC Open 2015"]
[Site "Internet Chess Club"]
[Date "2015.05.30"]
[Round "9"]
[White "ShadowLike"]
[Black "sakram07"]
[Result "1-0"]
[ICCResult "Black resigns"]
[WhiteElo "2209"]
[BlackElo "1898"]
[Opening "French defense"]
[ECO "C01"]
[NIC "FR.01"]
[Time "15:48:32"]
[TimeControl "180+0"]

1. e4 e6 2. d4 d5 3. c4 dxe4 4. f3 Nf6 5. Nc3 exf3 6. Nxf3 Bb4 7. Be3 c5 8.
a3 Bxc3+ 9. bxc3 O-O 10. Bd3 Nc6 11. O-O h6 12. Kh1 Qa5 13. Qe1 cxd4 14.
Nxd4 Nxd4 15. Bxd4 Bd7 16. Rxf6 gxf6 17. Bxf6 Qc7 18. Qe4 {Black resigns}
1-0

[Event "ICC Open 2015"]
[Site "Internet Chess Club"]
[Date "2015.05.30"]
[Round "9"]
[White "totus"]
[Black "Sebs"]
[Result "0-1"]
[ICCResult "White resigns"]
[WhiteElo "2336"]
[BlackElo "2966"]
[Opening "Benko's opening"]
[ECO "A00"]
[NIC "EO.24"]
[Time "15:48:30"]
[TimeControl "180+0"]

1. g3 e5 2. c4 f5 3. Bg2 Nf6 4. Nc3 Nc6 5. d3 d6 6. Nf3 Be7 7. Rb1 a5 8. a3
O-O 9. b4 axb4 10. axb4 e4 11. Ng5 h6 12. Nh3 Ne5 13. Nf4 c6 14. Qb3 g5 15.
Nh3 Be6 16. Qc2 d5 17. cxd5 cxd5 18. O-O Rc8 19. Qd2 Qd7 20. dxe4 Nxe4 21.
Nxe4 fxe4 22. Bb2 Nc4 23. Qd4 Nxb2 24. Qxb2 Bxh3 {White resigns} 0-1

[Event "ICC Open 2015"]
[Site "Internet Chess Club"]
[Date "2015.05.30"]
[Round "9"]
[White "vicmel"]
[Black "rovov"]
[Result "1-0"]
[ICCResult "Black resigns"]
[WhiteElo "1900"]
[BlackElo "1593"]
[Opening "French: Winawer, advance variation"]
[ECO "C18"]
[NIC "FR.11"]
[Time "15:47:40"]
[TimeControl "180+0"]

1. e4 e6 2. d4 d5 3. Nc3 Bb4 4. e5 c5 5. a3 Bxc3+ 6. bxc3 Qa5 7. Bd2 Qa4 8.
Nf3 Nc6 9. Qb1 c4 10. Ng5 h6 11. Nh3 Nge7 12. Nf4 O-O 13. Be2 Rb8 14. O-O
Bd7 15. Nh5 Nf5 16. g4 g6 17. Nf6+ Kh8 18. Nxd7 Nfe7 19. Nxf8 Rxf8 20. Bxh6
Rb8 21. Bg5 Qa5 22. Bf6+ Kg8 23. Qc1 Kh7 24. Qg5 Ng8 25. Qh4+ Nh6 26. g5
{Black resigns}
1-0

[Event "ICC Open 2015"]
[Site "Internet Chess Club"]
[Date "2015.05.30"]
[Round "9"]
[White "Dark-Magician"]
[Black "kshakes"]
[Result "1-0"]
[ICCResult "Black checkmated"]
[WhiteElo "2278"]
[BlackElo "1581"]
[Opening "Queen's pawn: English defense"]
[ECO "A40"]
[NIC "QO.17"]
[Time "15:49:33"]
[TimeControl "180+0"]

1. d4 b6 2. Nf3 Ba6 3. Nc3 d5 4. g3 e6 5. Bg2 Bb7 6. O-O Nf6 7. Re1 Be7 8.
Bg5 O-O 9. Ne5 h6 10. Bxf6 Bxf6 11. Ng4 Bg5 12. e4 f5 13. exf5 exf5 14. Ne5
Kh7 15. Qh5 Qd6 16. Nf7 Qg6 17. Nxg5+ Kg8 18. Qxg6 Nd7 19. Re7 Rf6 20. Qxg7#
{Black checkmated}
1-0

[Event "ICC Open 2015"]
[Site "Internet Chess Club"]
[Date "2015.05.30"]
[Round "9"]
[White "JustKid"]
[Black "born2die"]
[Result "1-0"]
[ICCResult "Black resigns"]
[WhiteElo "2081"]
[BlackElo "1609"]
[Opening "Benko's opening"]
[ECO "A00"]
[NIC "VO.09"]
[Time "15:47:41"]
[TimeControl "180+0"]

1. g3 Nf6 2. d3 d5 3. Nd2 c6 4. Bg2 Bg4 5. h3 Bf5 6. Ngf3 h6 7. O-O Qc8 8.
Re1 Bxh3 9. e4 Bxg2 10. Kxg2 Qg4 11. e5 Nh7 12. Nf1 g5 13. Ne3 Qe6 14. d4
Bg7 15. c4 Nd7 16. cxd5 cxd5 17. Qb3 Nb6 18. a4 a5 19. Bd2 f6 20. Rac1 fxe5
21. dxe5 O-O 22. Rc7 Ra7 23. Rec1 Nc4 24. Nxc4 dxc4 25. Qxc4 Qxc4 26. R1xc4
g4 27. Nh4 Bxe5 28. Rxe7 Rf6 29. Rxe5 b5 30. Rxg4+ Kh8 31. Ng6+ Kg7 32. Nf4+
Kh8 33. Re8+ Nf8 34. Rxf8+ Rxf8 35. Ng6+ Kg8 36. Nxf8+ Kxf8 37. Bxh6+ Kf7
38. Rg7+ {Black resigns} 1-0

[Event "ICC Open 2015"]
[Site "Internet Chess Club"]
[Date "2015.05.30"]
[Round "9"]
[White "BehindBluEyes"]
[Black "Colombiano07"]
[Result "1-0"]
[ICCResult "Black resigns"]
[WhiteElo "2284"]
[BlackElo "1913"]
[Opening "Robatsch (modern) defense"]
[ECO "B06"]
[NIC "KF.05"]
[Time "15:49:35"]
[TimeControl "180+0"]

1. e4 g6 2. d4 Bg7 3. Be3 c5 4. c3 d5 5. e5 cxd4 6. cxd4 e6 7. Nf3 Ne7 8.
Nc3 O-O 9. Bd3 Nec6 10. O-O Nd7 11. Rc1 f6 12. exf6 Qxf6 13. Re1 Rd8 14. Bg5
Qf7 15. Bxd8 Nxd8 16. Qd2 Nc6 17. Ng5 Qf6 18. Rxe6 Qxd4 19. Re8+ Nf8 20.
Nxd5 Bf5 21. Rxa8 {Black resigns} 1-0

[Event "ICC Open 2015"]
[Site "Internet Chess Club"]
[Date "2015.05.30"]
[Round "9"]
[White "PajoPatak"]
[Black "HardAsfalt"]
[Result "0-1"]
[ICCResult "White resigns"]
[WhiteElo "1607"]
[BlackElo "1697"]
[Opening "Sicilian: closed"]
[ECO "B23"]
[NIC "SI.44"]
[Time "15:48:24"]
[TimeControl "180+0"]

1. e4 c5 2. Nc3 e6 3. f4 Nf6 4. Nf3 Be7 5. e5 O-O 6. exf6 Bxf6 7. Be2 Qc7 8.
d3 d5 9. O-O Nc6 10. Bd2 e5 11. fxe5 Nxe5 12. Nxe5 Bxe5 13. Nxd5 Bxh2+ 14.
Kh1 Qg3 15. Bf4 Qh4 16. Bxh2 Be6 17. Nf4 Rae8 18. Bf3 g5 19. Nxe6 Rxe6 20.
Bg4 Rh6 21. Bh3 f5 22. Qe1 Qh5 23. Qe6+ Rxe6 24. Bxf5 Rh6 {White resigns}
0-1

[Event "ICC Open 2015"]
[Site "Internet Chess Club"]
[Date "2015.05.30"]
[Round "9"]
[White "HaraldEskilstu"]
[Black "klodshans"]
[Result "1-0"]
[ICCResult "Black resigns"]
[WhiteElo "2022"]
[BlackElo "1640"]
[Opening "French: Tarrasch, open, 4.ed ed"]
[ECO "C08"]
[NIC "FR.20"]
[Time "15:48:12"]
[TimeControl "180+0"]

1. e4 e6 2. d4 d5 3. Nd2 c5 4. exd5 exd5 5. Bb5+ Bd7 6. Qe2+ Ne7 7. dxc5 Nc6
8. Nb3 a6 9. Bd3 Qc7 10. Nf3 O-O-O 11. Be3 Nf5 12. Bxf5 Bxf5 13. O-O-O h6
14. Nfd4 Bg6 15. h3 Be7 16. Rhe1 Bg5 17. Bxg5 hxg5 18. Nxc6 Qxc6 19. Qd2 f6
20. Qb4 Rhe8 21. Nd4 Qd7 22. c6 bxc6 23. Qb6 Qb7 24. Qxc6+ Qxc6 25. Nxc6
Rxe1 26. Rxe1 Rd7 27. Ne7+ {Black resigns} 1-0

[Event "ICC Open 2015"]
[Site "Internet Chess Club"]
[Date "2015.05.30"]
[Round "9"]
[White "pierredams"]
[Black "boveymvp"]
[Result "1-0"]
[ICCResult "Black checkmated"]
[WhiteElo "2021"]
[BlackElo "1641"]
[Opening "French: Réti (Spielmann) variation"]
[ECO "C00"]
[NIC "FR.01"]
[Time "15:49:15"]
[TimeControl "180+0"]

1. e4 e6 2. b3 d5 3. Bb2 Nf6 4. exd5 Nxd5 5. Nc3 a6 6. Nf3 c5 7. Bc4 Nb6 8.
Bd3 Nc6 9. Qe2 Be7 10. Ne4 O-O 11. O-O Nd4 12. Nxd4 cxd4 13. c4 dxc3 14.
dxc3 Bd7 15. c4 Bc6 16. Ng3 Qc7 17. Qh5 h6 18. Qg4 e5 19. Nf5 Kh8 20. Qxg7#
{Black checkmated}
1-0

[Event "ICC Open 2015"]
[Site "Internet Chess Club"]
[Date "2015.05.30"]
[Round "9"]
[White "WhiteHorse"]
[Black "DMDIS"]
[Result "1-0"]
[ICCResult "Black resigns"]
[WhiteElo "2035"]
[BlackElo "1885"]
[Opening "English opening"]
[ECO "A20"]
[NIC "EO.24"]
[Time "15:50:09"]
[TimeControl "180+0"]

1. c4 e5 2. g3 g6 3. Bg2 Bg7 4. Nf3 Ne7 5. O-O O-O 6. Nc3 d6 7. d3 c6 8. Bd2
f5 9. Rb1 h6 10. b4 a6 11. a4 Be6 12. b5 axb5 13. axb5 c5 14. Ne1 Qc7 15. b6
Qd7 16. Nb5 Nbc6 17. Nc2 Ra2 18. Ne3 Rfa8 19. Nc7 R8a4 20. Nxe6 Qxe6 21. Nd5
Kh7 22. Nc3 e4 23. Nxa4 {Black resigns} 1-0

[Event "ICC Open 2015"]
[Site "Internet Chess Club"]
[Date "2015.05.30"]
[Round "9"]
[White "Sjelan"]
[Black "Machinegun"]
[Result "1/2-1/2"]
[ICCResult "Game drawn because neither player has mating material"]
[WhiteElo "2198"]
[BlackElo "2471"]
[Opening "QGD: Semi-Tarrasch, 5.cd"]
[ECO "D41"]
[NIC "TD.12"]
[Time "15:47:38"]
[TimeControl "180+0"]

1. d4 Nf6 2. Nf3 e6 3. c4 d5 4. Nc3 c5 5. cxd5 cxd4 6. Nxd4 Nxd5 7. Nxd5
Qxd5 8. e3 Nc6 9. Nxc6 Qxc6 10. Qb3 a6 11. Bd2 Be7 12. Rc1 Qd6 13. a3 O-O
14. Bb4 Qd8 15. Bxe7 Qxe7 16. Qb4 Qg5 17. h4 Qg6 18. h5 Qh6 19. Be2 b5 20.
Bf3 Rb8 21. Qf4 Qxf4 22. exf4 Bb7 23. Bxb7 Rxb7 24. Ke2 h6 25. Rhd1 b4 26.
a4 b3 27. Rd4 Rfb8 28. Rc6 Rb4 29. Kd3 Rxd4+ 30. Kxd4 Rb4+ 31. Rc4 Rb7 32.
Kc3 Kf8 33. Rb4 Rc7+ 34. Kxb3 Rd7 35. Kc2 Rd5 36. g4 Ke7 37. Rb7+ Kf6 38. b4
Rd4 39. b5 Rxf4 40. bxa6 Rxa4 41. a7 e5 42. Kd2 Ra3 43. Ke2 Ke6 44. f3 Kf6
45. Kf2 Ke6 46. Ke2 Kf6 47. Kd2 g6 48. hxg6 Kxg6 49. Kc2 f5 50. gxf5+ Kxf5
51. Kb2 Ra6 52. Kb3 Kf4 53. Rf7+ Ke3 54. Kb4 h5 55. Kb5 Ra1 56. Kb6 h4 57.
Kb7 h3 58. a8=Q Rxa8 59. Kxa8 h2 60. Rh7 Kxf3 61. Rxh2 e4 62. Rh8 e3 63.
Rf8+ Kg2 64. Re8 Kf2 65. Kb7 e2 66. Kc6 e1=Q 67. Rxe1 Kxe1
{Game drawn because neither player has mating material}
1/2-1/2

[Event "ICC Open 2015"]
[Site "Internet Chess Club"]
[Date "2015.05.30"]
[Round "9"]
[White "eddington"]
[Black "RobbieWilliams"]
[Result "1-0"]
[ICCResult "Black resigns"]
[WhiteElo "2141"]
[BlackElo "1747"]
[Opening "Alekhine's defense: modern variation, 4...Bg4"]
[ECO "B05"]
[NIC "AL.03"]
[Time "15:49:11"]
[TimeControl "180+0"]

1. e4 Nf6 2. e5 Nd5 3. d4 d6 4. Nf3 Bg4 5. Be2 dxe5 6. Nxe5 Bxe2 7. Qxe2 c6
8. O-O Nd7 9. c4 N5b6 10. Nf3 e6 11. Nc3 h6 12. d5 cxd5 13. cxd5 Nc5 14. b4
Nca4 15. Nxa4 Nxa4 16. dxe6 f6 17. Nh4 Bxb4 18. Qh5+ Ke7 19. Qf7+ Kd6 20.
Bf4+ Kc6 21. Rac1+ Kb6 22. Bc7+ {Black resigns} 1-0

[Event "ICC Open 2015"]
[Site "Internet Chess Club"]
[Date "2015.05.30"]
[Round "9"]
[White "kurumania"]
[Black "maki89"]
[Result "1-0"]
[ICCResult "Black resigns"]
[WhiteElo "2847"]
[BlackElo "2412"]
[Opening "Benoni: fianchetto, 11...Re8"]
[ECO "A62"]
[NIC "BI.22"]
[Time "15:48:34"]
[TimeControl "180+0"]

1. d4 Nf6 2. c4 c5 3. d5 e6 4. Nc3 exd5 5. cxd5 d6 6. Nf3 g6 7. g3 Bg7 8.
Bg2 O-O 9. O-O Re8 10. Nd2 a6 11. a4 Nbd7 12. h3 Qc7 13. Ra3 Rb8 14. a5 b5
15. axb6 Nxb6 16. Nde4 Nxe4 17. Nxe4 f5 18. Ng5 h6 19. Ne6 Bxe6 20. dxe6
Rxe6 21. Rxa6 Kh7 22. b3 Nc8 23. h4 h5 24. Qd3 Rb6 25. Ra8 Ne7 26. Bd2 d5
27. Ba5 Qb7 28. Bxb6 Qxa8 29. Bxc5 Qc6 30. b4 Qa4 31. e3 Ng8 32. Bxd5 Ra6
33. Bb3 Qa3 34. b5 {Black resigns} 1-0

[Event "ICC Open 2015"]
[Site "Internet Chess Club"]
[Date "2015.05.30"]
[Round "9"]
[White "Kempka"]
[Black "FedoseevVl95"]
[Result "1-0"]
[ICCResult "Black resigns"]
[WhiteElo "2755"]
[BlackElo "3009"]
[Opening "Grünfeld: modern exchange variation"]
[ECO "D70"]
[NIC "KI.80"]
[Time "15:47:39"]
[TimeControl "180+0"]

1. d4 Nf6 2. c4 g6 3. Nf3 d5 4. cxd5 Bg7 5. Nc3 Nxd5 6. e4 Nxc3 7. bxc3 O-O
8. Be2 b6 9. O-O Bb7 10. e5 c5 11. Be3 Nc6 12. Re1 cxd4 13. cxd4 Nb4 14. Qd2
Nd5 15. Bh6 Rc8 16. Rac1 Qd7 17. Bxg7 Kxg7 18. Ng5 Qf5 19. Bf3 h6 20. Ne4
Qf4 21. Qxf4 Nxf4 22. Rxc8 Rxc8 23. Nd6 exd6 24. Bxb7 Rc4 25. g3 Ne6 26. d5
Nc5 27. e6 Kf8 28. e7+ Ke8 29. Bc6+ {Black resigns} 1-0

[Event "ICC Open 2015"]
[Site "Internet Chess Club"]
[Date "2015.05.30"]
[Round "9"]
[White "Giantvin"]
[Black "JOHEL"]
[Result "1-0"]
[ICCResult "Black resigns"]
[WhiteElo "1977"]
[BlackElo "1667"]
[Opening "Queen's Indian: Nimzovich variation (exaggerated fianchetto)"]
[ECO "E15"]
[NIC "QI.05"]
[Time "15:47:42"]
[TimeControl "180+0"]

1. d4 Nf6 2. c4 e6 3. Nf3 b6 4. g3 Ba6 5. b3 d5 6. Bg2 c6 7. Nbd2 Bb4 8. O-O
dxc4 9. bxc4 Bxd2 10. Nxd2 O-O 11. Bb2 Bb7 12. Qc2 Qc7 13. e4 Na6 14. e5 Nd7
15. Ba3 Rfe8 16. Bd6 Qd8 17. c5 b5 18. a4 Nc7 19. a5 a6 20. Ne4 Nf8 21. Bxc7
Qxc7 22. Nd6 Red8 23. f4 Ng6 24. h4 Ne7 25. Be4 h6 26. f5 exf5 27. Bxf5 Nd5
28. Bh7+ Kh8 29. Rxf7 Rd7 30. Raf1 Rxf7 31. Nxf7+ {Black resigns} 1-0

[Event "ICC Open 2015"]
[Site "Internet Chess Club"]
[Date "2015.05.30"]
[Round "9"]
[White "ehkopean"]
[Black "eliseo"]
[Result "1-0"]
[ICCResult "Black checkmated"]
[WhiteElo "1762"]
[BlackElo "2271"]
[Opening "Ruy Lopez: classical defense, 4.c3"]
[ECO "C64"]
[NIC "RL.01"]
[Time "15:48:07"]
[TimeControl "180+0"]

1. e4 e5 2. Nf3 Nc6 3. Bb5 Bc5 4. c3 Nf6 5. d4 exd4 6. cxd4 Bb4+ 7. Bd2
Bxd2+ 8. Nbxd2 d5 9. e5 Ne4 10. O-O Bg4 11. h3 Be6 12. Rc1 Qd7 13. Nxe4 dxe4
14. Ng5 Bd5 15. e6 fxe6 16. Qh5+ g6 17. Qg4 O-O 18. Nxe4 a6 19. Nc5 Qd6 20.
Nxb7 Qb4 21. Bxc6 Bxc6 22. Qxe6+ Kg7 23. Qxc6 Rf7 24. Nc5 Rb8 25. Nb3 Rb6
26. Qd5 Rbf6 27. Qe5 Kg8 28. Qe8+ Rf8 29. Qe5 a5 30. Rxc7 a4 31. Nc5 Qxb2
32. Ne6 R8f7 33. Rc8+ Rf8 34. Rxf8+ Rxf8 35. Qg7# {Black checkmated} 1-0

[Event "ICC Open 2015"]
[Site "Internet Chess Club"]
[Date "2015.05.30"]
[Round "9"]
[White "rookfish"]
[Black "descorcharov"]
[Result "0-1"]
[ICCResult "White resigns"]
[WhiteElo "1199"]
[BlackElo "2275"]
[Opening "Caro-Kann defense"]
[ECO "B10"]
[NIC "CK.01"]
[Time "15:48:25"]
[TimeControl "180+0"]

1. e4 c6 2. Nf3 d5 3. exd5 cxd5 4. d4 Nc6 5. Nc3 Bg4 6. Be2 e6 7. O-O Nf6 8.
Bg5 Be7 9. h3 Bxf3 10. Bxf3 Qb6 11. Na4 Qxd4 12. Qxd4 Nxd4 13. Nc5 Bxc5 14.
Bxf6 Nxf3+ 15. gxf3 gxf6 16. Kh2 Rg8 17. f4 Ke7 18. c3 b5 19. b4 Bd6 20. a4
a6 21. Rae1 f5 22. a5 Bxf4+ 23. Kh1 Rg6 24. f3 Rc8 25. h4 Rxc3 26. Rf2 Rg3
27. Ref1 Rb3 28. Rc2 Kd6 29. Rc8 Rxb4 30. Rd8+ Ke7 31. Rc8 Rb2 {White
resigns} 0-1

[Event "ICC Open 2015"]
[Site "Internet Chess Club"]
[Date "2015.05.30"]
[Round "9"]
[White "DanielDelPaso"]
[Black "chessdjw"]
[Result "1-0"]
[ICCResult "Black resigns"]
[WhiteElo "2697"]
[BlackElo "2353"]
[Opening "Catalan opening"]
[ECO "A62"]
[NIC "BI.21"]
[Time "15:47:45"]
[TimeControl "180+0"]

1. d4 Nf6 2. c4 e6 3. g3 c5 4. d5 exd5 5. cxd5 d6 6. Nf3 g6 7. Bg2 Bg7 8.
O-O O-O 9. Nc3 Re8 10. h3 a6 11. a4 Nbd7 12. Nd2 Rb8 13. Nc4 Ne5 14. Na3 Nh5
15. e4 Bd7 16. a5 b5 17. axb6 Bb5 18. Naxb5 axb5 19. Nxb5 Qxb6 20. Nc3 Qb3
21. Qxb3 Rxb3 22. Ra6 Nc4 23. g4 Nf6 24. Bf4 Nxb2 25. Nb1 Nc4 26. Bxd6 Nxd6
27. Rxd6 Nxe4 28. Bxe4 Rxe4 29. Nd2 Reb4 30. Nxb3 Rxb3 31. Rd8+ Bf8 32. Rd1
Kg7 33. d6 c4 34. Rxf8 Kxf8 35. d7 Rb8 36. d8=Q+ Rxd8 37. Rxd8+ Ke7 38. Rc8
Ke6 39. Rxc4 Ke5 40. Rc7 Kf6 41. Kg2 h6 42. Kg3 g5 43. f4 gxf4+ 44. Kxf4 Kg6
45. h4 f6 46. Rc5 h5 47. Rxh5 Kg7 48. Kf5 Kf7 49. Rh7+ Kg8 50. Kg6 f5 51.
gxf5 Kf8 52. Rg7 Ke8 53. h5 Kf8 54. h6 {Black resigns} 1-0

[Event "ICC Open 2015"]
[Site "Internet Chess Club"]
[Date "2015.05.30"]
[Round "9"]
[White "druskacik"]
[Black "SPARNALIQ"]
[Result "1-0"]
[ICCResult "Black resigns"]
[WhiteElo "2480"]
[BlackElo "2777"]
[Opening "Trompowsky attack (Ruth, Opocenský opening)"]
[ECO "A45"]
[NIC "QP.07"]
[Time "15:48:23"]
[TimeControl "180+0"]

1. d4 Nf6 2. Bg5 g6 3. Bxf6 exf6 4. e3 Bg7 5. g3 O-O 6. Bg2 c6 7. Ne2 d5 8.
Nd2 f5 9. h4 Nd7 10. c4 Nf6 11. Qc2 Be6 12. c5 b6 13. cxb6 Qxb6 14. Rc1 Rab8
15. b3 Rfc8 16. Nf4 Bd7 17. Nd3 Ne4 18. Nc5 Be8 19. Ndxe4 fxe4 20. h5 Qd8
21. hxg6 hxg6 22. Bh3 f5 23. Bf1 Qa5+ 24. Qd2 Qd8 25. Ne6 Qe7 26. Nxg7 Kxg7
27. Rc5 Bd7 28. Qa5 Be8 29. Be2 Rc7 30. Kf1 Qd6 31. Kg2 Rf7 32. Rcc1 Bd7 33.
Rh2 g5 34. Rch1 Rg8 35. Rh7+ Kf8 36. Rxf7+ Kxf7 37. Qxa7 Rg7 38. Rh8 f4 39.
Bh5+ Ke7 40. Qa8 Ke6 41. Rh6+ Ke7 42. Rxd6 Rg8 43. Qxg8 {Black resigns} 1-0

[Event "ICC Open 2015"]
[Site "Internet Chess Club"]
[Date "2015.05.30"]
[Round "9"]
[White "bythebook"]
[Black "a-man"]
[Result "1-0"]
[ICCResult "Black checkmated"]
[WhiteElo "1611"]
[BlackElo "1482"]
[Opening "Ruy Lopez: old Steinitz defense"]
[ECO "C62"]
[NIC "RL.02"]
[Time "15:48:24"]
[TimeControl "180+0"]

1. e4 e5 2. Nf3 Nc6 3. Bb5 d6 4. Bxc6+ bxc6 5. O-O Nf6 6. d4 exd4 7. Nxd4
Bb7 8. Bg5 Be7 9. Nf5 O-O 10. Nc3 h6 11. Bh4 c5 12. Qf3 g5 13. Nxh6+ Kh7 14.
Bxg5 Ng8 15. Qh5 Bxg5 16. Nxf7+ Kg7 17. Nxd8 Bxd8 18. f4 Nf6 19. Qg5+ Kh7
20. Rf3 Nxe4 21. Rh3# {Black checkmated} 1-0

[Event "ICC Open 2015"]
[Site "Internet Chess Club"]
[Date "2015.05.30"]
[Round "9"]
[White "smoothg"]
[Black "BlueJ"]
[Result "0-1"]
[ICCResult "White resigns"]
[WhiteElo "1857"]
[BlackElo "2162"]
[Opening "Sicilian: Grand Prix attack"]
[ECO "B23"]
[NIC "SI.44"]
[Time "15:48:09"]
[TimeControl "180+0"]

1. e4 c5 2. Nc3 Nc6 3. f4 g6 4. Bb5 Nd4 5. Nf3 Bg7 6. Bd3 d6 7. Nxd4 Bxd4 8.
Ne2 Bg7 9. c3 Nf6 10. Bc2 O-O 11. O-O b6 12. d3 Bb7 13. h3 c4 14. e5 cxd3
15. Bxd3 dxe5 16. fxe5 Qd5 17. Rf2 Ne4 18. Nf4 Nxf2 19. Nxd5 Nxd1 20. Nxe7+
Kh8 21. Bf4 Nxb2 22. Bc2 Rfe8 23. Bg5 h6 24. Bf6 Nc4 25. Bb3 Nxe5 26. Bxg7+
Kxg7 27. Nd5 Rad8 28. Nf4 Rd2 29. Kh2 g5 30. Nh5+ Kg6 31. Ng3 Rxg2+ 32. Kh1
Rxg3+ 33. Kh2 Rg2+ 34. Kh1 Nf3 {White resigns} 0-1

[Event "ICC Open 2015"]
[Site "Internet Chess Club"]
[Date "2015.05.30"]
[Round "9"]
[White "noyb"]
[Black "Estocolmov"]
[Result "0-1"]
[ICCResult "White resigns"]
[WhiteElo "2012"]
[BlackElo "2240"]
[Opening "Queen's pawn game"]
[ECO "D02"]
[NIC "QP.08"]
[Time "15:48:23"]
[TimeControl "180+0"]

1. d4 d5 2. Nf3 e6 3. Bg5 Be7 4. Bxe7 Qxe7 5. c3 Nf6 6. Nbd2 O-O 7. e3 Nbd7
8. Bd3 e5 9. dxe5 Nxe5 10. Nxe5 Qxe5 11. O-O Bg4 12. Be2 Bxe2 13. Qxe2 Rfe8
14. Nf3 Qe6 15. Qb5 Qb6 16. Qxb6 axb6 17. a3 c5 18. Rad1 Red8 19. Rd3 h6 20.
Rfd1 Kf8 21. c4 Ke7 22. cxd5 c4 23. Rc3 b5 24. Nd4 Rxd5 25. Rcc1 Rad8 26.
Kf1 Ne4 27. Ke2 f5 28. f3 Nf6 29. Nxf5+ Rxf5 30. Rxd8 Kxd8 31. e4 Rc5 32.
Ke3 Kc7 33. Rd1 c3 34. Rc1 c2 35. Kd2 Kd6 36. h3 Nh5 37. Ke3 g5 38. h4 Nf4
39. g3 Ne6 40. hxg5 hxg5 41. f4 Rc4 42. f5 Nc5 43. e5+ Kxe5 44. b3 Nxb3 45.
f6 Nxc1 {White resigns} 0-1

[Event "ICC Open 2015"]
[Site "Internet Chess Club"]
[Date "2015.05.30"]
[Round "9"]
[White "OptimusMagister"]
[Black "VerdeNotte"]
[Result "0-1"]
[ICCResult "White forfeits on time"]
[WhiteElo "2324"]
[BlackElo "2889"]
[Opening "Robatsch defense: Pseudo-Austrian attack"]
[ECO "A00"]
[NIC "PU.05"]
[Time "15:47:46"]
[TimeControl "180+0"]

1. Nc3 g6 2. d4 Bg7 3. e4 d6 4. f4 Nf6 5. e5 dxe5 6. dxe5 Qxd1+ 7. Kxd1 Bg4+
8. Be2 Bxe2+ 9. Kxe2 Nfd7 10. Nd5 Na6 11. Nf3 c6 12. Nc3 f6 13. exf6 exf6
14. Re1 Kf7 15. Kf2 Nb4 16. Re2 Rhe8 17. Be3 Nb6 18. a3 N4d5 19. Nxd5 Nxd5
20. Bd2 Rxe2+ 21. Kxe2 f5 22. Ng5+ Kg8 23. Kf3 h6 24. Ne6 Bxb2 25. Rb1 Bxa3
26. Rxb7 Bf8 27. c4 Nb6 28. Nxf8 Kxf8 29. Bb4+ Kg8 30. Bc3 Rd8 31. Rg7+ Kf8
32. Ke2 Rd6 33. Rxa7 c5 34. Bg7+ Ke8 35. Be5 Rd7 36. Ra6 Rb7 37. Kd3 Kd7 38.
Kc3 Kc6 39. Ra2 Rd7 40. Ra6 g5 41. fxg5 hxg5 42. Bf6 g4 43. h4 f4 44. h5 f3
45. gxf3 gxf3 46. Ra2 Rf7 47. Bd8 f2 48. Rxf2 Rxf2 {White forfeits on time}
0-1

[Event "ICC Open 2015"]
[Site "Internet Chess Club"]
[Date "2015.05.30"]
[Round "9"]
[White "Ira57"]
[Black "Massarioli"]
[Result "0-1"]
[ICCResult "White forfeits on time"]
[WhiteElo "1943"]
[BlackElo "2167"]
[Opening "Queen's pawn game"]
[ECO "D04"]
[NIC "QP.08"]
[Time "15:48:01"]
[TimeControl "180+0"]

1. d4 d5 2. Nf3 Nf6 3. e3 g6 4. b3 Bg7 5. Bb2 O-O 6. Nbd2 c6 7. Bd3 Bf5 8.
Qe2 Nbd7 9. O-O Re8 10. c4 Ne4 11. cxd5 cxd5 12. Rfd1 Ndc5 13. Bb5 Nd7 14.
Ne5 a6 15. Bxd7 Bxd7 16. Nxe4 dxe4 17. Rac1 Bb5 18. Qd2 Rc8 19. Rxc8 Qxc8
20. a4 Bxe5 21. axb5 Rd8 22. bxa6 bxa6 23. Rc1 Qb7 24. Qc3 Bf6 25. h3 Rb8
{White forfeits on time}
0-1

[Event "ICC Open 2015"]
[Site "Internet Chess Club"]
[Date "2015.05.30"]
[Round "9"]
[White "triumphant1"]
[Black "Adonis"]
[Result "0-1"]
[ICCResult "White resigns"]
[WhiteElo "2168"]
[BlackElo "2646"]
[Opening "Queen's pawn game"]
[ECO "A46"]
[NIC "QP.05"]
[Time "15:48:52"]
[TimeControl "180+0"]

1. d4 Nf6 2. Nf3 e6 3. Bf4 c5 4. c3 Qb6 5. Qb3 Nc6 6. e3 d5 7. Nbd2 Be7 8.
Bd3 c4 9. Qxb6 axb6 10. Bc2 b5 11. O-O b4 12. e4 bxc3 13. bxc3 b5 14. Rfb1
b4 15. cxb4 Nxb4 16. Bd1 c3 17. Rxb4 Bxb4 18. Nb3 Nxe4 19. Ne5 Bd7 20. f3
Nd6 21. Bc2 f6 22. Nd3 Ba3 23. Ndc5 Nc4 24. Re1 Ke7 25. Nxe6 Bxe6 26. Bf5
Ra6 27. Nc5 Bxc5 28. dxc5 Kf7 29. Bd3 Rxa2 30. c6 Rc8 31. c7 Ne5 32. Bb1 Rb2
33. Rc1 Rxc7 34. Bd3 Nxd3 {White resigns} 0-1

[Event "ICC Open 2015"]
[Site "Internet Chess Club"]
[Date "2015.05.30"]
[Round "9"]
[White "garompon"]
[Black "jefferyx"]
[Result "0-1"]
[ICCResult "White resigns"]
[WhiteElo "2604"]
[BlackElo "2844"]
[Opening "Sicilian: Canal-Sokolsky (Nimzovich-Rossolimo, Moscow) attack"]
[ECO "B51"]
[NIC "SI.01"]
[Time "15:47:54"]
[TimeControl "180+0"]

1. e4 c5 2. Nf3 d6 3. Bb5+ Nd7 4. d4 Nf6 5. O-O cxd4 6. Qxd4 e5 7. Qd3 a6 8.
Bxd7+ Bxd7 9. c4 b5 10. Nc3 bxc4 11. Qxc4 Qc8 12. Qxc8+ Rxc8 13. Bg5 Be7 14.
Bxf6 Bxf6 15. Nd5 Bd8 16. Rac1 f5 17. Nd2 Rxc1 18. Rxc1 Bg5 19. Rc2 Bxd2 20.
Rxd2 fxe4 21. Nc3 Ke7 22. Nxe4 Rc8 23. f3 Rc6 24. Nc3 Be6 25. Kf2 Bc4 26.
Ke3 Ke6 27. f4 a5 28. fxe5 Kxe5 29. a3 d5 30. b4 axb4 31. axb4 Rh6 32. g3
Rf6 33. Ne2 Rb6 34. Rb2 Bxe2 35. Kxe2 Kd4 36. Kd2 Kc4 37. Rc2+ Kxb4 38. Rc7
Rh6 39. h4 Rg6 40. Rd7 Kc4 41. h5 Rxg3 42. h6 gxh6 43. Rxh7 Rh3 {White
resigns} 0-1

[Event "ICC Open 2015"]
[Site "Internet Chess Club"]
[Date "2015.05.30"]
[Round "9"]
[White "safadi001"]
[Black "Valai"]
[Result "1-0"]
[ICCResult "Black resigns"]
[WhiteElo "1977"]
[BlackElo "2511"]
[Opening "Robatsch (modern) defense"]
[ECO "B06"]
[NIC "KF.06"]
[Time "15:48:11"]
[TimeControl "180+0"]

1. e4 g6 2. f4 Bg7 3. Nf3 d5 4. e5 Bg4 5. d4 h5 6. c4 c6 7. cxd5 cxd5 8. Qb3
Bxf3 9. Qxb7 Bg4 10. Qxa8 Qc7 11. Nc3 Bc8 12. Bb5+ Kf8 13. Nxd5 Qb7 14. Qxb7
Bxb7 15. Ne3 e6 16. b3 Ne7 17. Ba3 Bh6 18. Rc1 Bxf4 19. Rc7 Bxg2 20. Bxe7+
Kg8 21. Bf6 Bxh1 22. Rc8+ {Black resigns} 1-0